 Dungeon Crawl Stone Soup version 0.31-a0-246-g8cbcc1cb85 (webtiles) character file.

Game seed: 15697815227971397073

55412 Iniera the Cruncher (level 14, -8/115 HPs)
             Began as a Demonspawn Brigand on July 13, 2023.
             Was a Priest of Uskayaw.
             Killed by divine providence
             ... invoked by an orc priest
              (9 damage)
             ... on level 2 of the Orcish Mines.
             The game lasted 00:22:26 (22112 turns).

Iniera the Cruncher (Demonspawn Brigand)           Turns: 22112, Time: 00:22:27

Health: -8/115     AC: 21    Str: 17    XL:     14   Next: 38%
Magic:  12/22      EV: 14    Int: 12    God:    Uskayaw [***...]
Gold:   1886       SH:  5    Dex: 25    Spells: 13/13 levels left

rFire   . . .        a - +4 lajatang (speed)
rCold   + . .        (shield currently unavailable)
rNeg    . . .        E - +0 plate armour {rC+}
rPois   .            (helmet unavailable)
rElec   .            v - +2 cloak
rCorr   .            e - +0 pair of gloves
SInv    .            s - +1 pair of boots
Will    +....        o - amulet of reflection
Stlth   +            m - +5 ring of evasion
HPRegen 0.39/turn    Q - +6 ring of dexterity
MPRegen 0.18/turn

%: reflection
@: mighty, lethally poisoned (-8 -> -17)
A: horns 3, thin skeletal structure 2, demonic guardian 2, powered by pain 1,
bedeviling
a: Renounce Religion, Stomp, Line Pass


You were on level 2 of the Orcish Mines.
You worshipped Uskayaw.
Uskayaw was aware of your devotion.
You visited 4 branches of the dungeon, and saw 20 of its levels.

You collected 1886 gold pieces.

Inventory:

Hand Weapons
 a - a +4 lajatang of speed (weapon)
 b - a +0 morningstar
Missiles
 d - 48 poisoned darts (quivered)
 k - 4 throwing nets
 z - 4 curare-tipped darts
Armour
 e - a +0 pair of gloves (worn)
 s - a +1 pair of boots (worn)
 v - a +2 cloak (worn)
 E - a +0 plate armour of cold resistance (worn)
Jewellery
 m - a +5 ring of evasion (left hand)
 o - an amulet of reflection (around neck)
 I - a ring of see invisible
 L - a ring of willpower
 Q - a +6 ring of dexterity (right hand)
Wands
 g - a wand of charming (12)
 w - a wand of acid (9)
 A - a wand of polymorph (6)
 B - a wand of flame (45)
 K - a wand of roots (6)
 M - a wand of digging (4)
Scrolls
 c - 3 scrolls of fear
 j - a scroll of amnesia
 q - a scroll of butterflies
 t - 7 scrolls of teleportation
 y - 3 scrolls of immolation
 G - 2 scrolls of fog
 H - a scroll of blinking
 N - a scroll of brand weapon
Potions
 f - 4 potions of lignification
 h - 4 potions of magic
 i - 4 potions of attraction
 l - 4 potions of curing
 n - 5 potions of ambrosia
 p - a potion of brilliance
 r - 2 potions of haste
 u - 2 potions of enlightenment
 x - 2 potions of resistance
 C - a potion of heal wounds
 D - 2 potions of might
 F - 2 potions of cancellation
 J - a potion of invisibility
 O - 2 potions of mutation {unknown}
Miscellaneous
 R - a phial of floods


   Skills:
 + Level 12.2 Fighting
 - Level 1.7 Short Blades
 - Level 6.3 Axes
 * Level 13.4 Staves
 - Level 2.0 Throwing
 + Level 8.8 Armour
 + Level 6.8 Dodging
 - Level 3.6 Stealth
 + Level 11.4 Invocations
 - Level 6.0 Evocations


You had 13 spell levels left.
You didn't know any spells.
Your spell library contained the following spells:

 Spells                   Type           Power      Damage    Failure   Level
 Magic Dart               Conj           0%         1d3       100%        1
 Shock                    Conj/Air       0%         1d3       100%        1
 Blink                    Tloc           0%         N/A       100%        2
 Call Imp                 Summ           0%         N/A       100%        2
 Cigotuvi's Dreadful Rot  Necr/Pois/Air  0%         N/A       100%        2
 Lesser Beckoning         Tloc           0%         N/A       100%        2
 Momentum Strike          Conj/Tloc      0%         3d8       100%        2
 Mephitic Cloud           Conj/Pois/Air  0%         N/A       100%        3
 Swiftness                Air            0%         N/A       100%        3
 Volatile Blastmotes      Fire/Tloc      0%         2d10      100%        3
 Airstrike                Air            0%         2d(0-16)  100%        4
 Dispel Undead            Necr           0%         3d6       100%        4
 Fulminant Prism          Conj/Hex       0%         3d5       100%        4
 Iskenderun's Mystic Bla  Conj/Tloc      0%         2d3       100%        4
 Leda's Liquefaction      Hex/Erth       0%         N/A       100%        4
 Lee's Rapid Deconstruct  Erth           0%         3d4*      100%        5
 Death Channel            Necr           0%         N/A       100%        6
 Leda's Unmaking          Conj/Erth      0%         9d1       100%        6
 Haunt                    Necr/Summ      0%         N/A       100%        7
 Borgnjor's Revivificati  Necr           0%         N/A       100%        8
 Death's Door             Necr           0%         N/A       100%        9


Dungeon Overview and Level Annotations

Branches:
Dungeon (12/15)            Temple (1/1) D:5            Lair (5/5) D:8
  Swamp (0/4) Lair:3       Spider (0/4) Lair:3        Slime (0/5) Lair:5
    Orc (2/2) D:12            Elf (0/3) Orc:2

Altars:
Ashenzari
Cheibriados
Dithmenos
Fedhas
Gozag
Hepliaklqana
Kikubaaqudgha
Makhleb
Nemelex Xobeh
Okawaru
Qazlal
Ru
Sif Muna
Trog
Uskayaw
Vehumet
Wu Jian
Xom
Yredelemnul
Jiyva

Shops:
D:10 [


Innate Abilities, Weirdness & Mutations

You have a pair of large horns on your head.
You have a moderately thin skeletal structure. (Dex +4, Stealth++)
A demonic guardian rushes to your aid.
You sometimes gain a little power by taking damage.
Your hexes are more powerful.


Message History

Reactivating autopickup.
You feel a bit more experienced.
You feel sick.
The orc high priest is no longer paralysed.
The orc knight is no longer paralysed. x2
The orc wizard is no longer paralysed.
The orc wizard points at you and mumbles some strange words.
You resist with almost no effort.
You hit the orc knight. You headbutt the orc knight!
The orc knight is moderately wounded.
You feel very sick.
Uskayaw will force your foes to share their pain.
Uskayaw links your audience in an emotional bond!
You slice the orc knight!! Your headbutt misses the orc knight.
The orc knight is severely wounded.
You feel sick.
The orc priest no longer looks unusually strong.
The orc is no longer paralysed.
The orc warrior is no longer paralysed.
The orc is no longer paralysed.
You block the orc wizard's attack. The orc warrior closely misses you.
The orc knight roars a battlecry!
The orc priest goes into a battle-frenzy!
Aiming: Line Pass
Press: ? - help, Dir - move target The orc knight appears confused.
You feel very sick.
The orc priest is no longer paralysed. x3
The orc knight hits you with a +0 battleaxe!
* * * LOW HITPOINT WARNING * * *
A demonic guardian appears!
The orc priest invokes the aid of Beogh against you.
Beogh smites you!
* * * LOW HITPOINT WARNING * * *
Something hits you but does no damage.
Deactivating autopickup; reactivate with Ctrl-A.
* * * LOW HITPOINT WARNING * * *
You feel very sick.
The orc wizard no longer looks unusually strong.
The orc priest mumbles some strange prayers to Beogh against you.
Beogh smites you!
You die...

........$......#...
........... o......
$.........##o......
...........[.......
..........[ooo.....
..........)o)......
......).o[)o.......
.......4)o$........
........@o$..$.....
......).[[.........
.......[.[$........
................#..
...................
........$...#...#.
......$..........
.................
............$...


You could see 2 orc knights, an orc warrior (strong, pain bonded), 4 orc
priests, an orc wizard (pain bonded), 2 orcs and a friendly orange demon
(summoned).

Vanquished Creatures
  Snorg (Orc:2)
  2 hydras
  3 two-headed ogres
  2 boulder beetles
  2 orc high priests (Orc:2)
  Nergalle (Lair:1)
  3 lindwurms
  An orc knight (Orc:1)
  3 orc sorcerers
  A manticore (D:12)
  A cyclops (D:12)
  5 slime creatures (D:12)
  4 black mambas
  5 elephants (Lair:5)
  A gargoyle (D:12)
  7 cane toads
  2 rime drakes (Lair:3)
  An unseen horror (D:9)
  5 kobold demonologists
  6 komodo dragons
  3 trolls
  A queen bee (D:10)
  3 blink frogs (Lair:5)
  11 polar bears
  11 dream sheep
  A raiju (Lair:5)
  A spriggan (Lair:4)
  2 wraiths
  3 basilisks
  11 wyverns
  53 yaks
  2 steam dragons
  7 wargs
  2 acid dragons (D:12)
  13 hell hounds (Lair:5)
  15 water moccasins
  Duvessa (D:7)
  9 orc warriors
  An ice beast (D:7)
  13 black bears
  2 sky beasts
  5 ogres
  6 centaurs
  42 wolves
  A phantom (D:6)
  2 kobold brigands (D:10)
  15 bullfrogs
  A gnoll sergeant (D:8)
  A scorpion (D:6)
  9 wights
  24 killer bees
  3 electric eels
  4 spriggan skeletons (D:9)
  A troll skeleton (D:9)
  3 howler monkeys
  16 orc priests
  2 hounds
  A jelly (D:4)
  2 gnoll boudas
  2 iguanas
  16 orc wizards
  17 gnolls
  10 adders
  A river rat (D:6)
  2 white imps (D:7)
  3 worms (D:2)
  A dart slug (D:5)
  60 orcs
  8 bats
  7 endoplasms
  6 giant cockroaches
  11 goblins
  7 hobgoblins
  5 jackals
  2 quokkas
  11 ball pythons
  A frilled lizard (D:1)
  22 kobolds
  13 rats
564 creatures vanquished.

Vanquished Creatures (collateral kills)
  2 hydras
  A two-headed ogre (D:12)
  Joseph (D:7)
  Maggie (D:7)
  A dream sheep (Lair:4)
  A basilisk (D:8)
  A hell hound (Lair:5)
  2 orc warriors
  2 black bears
  A centaur (D:10)
  3 wolves (Lair:1)
  A phantom (D:7)
  2 kobold brigands (D:7)
  Dowan (D:7)
  A spriggan skeleton (D:9)
  3 orc priests
  An iguana (D:8)
  A gnoll (Orc:2)
  An adder (D:6)
  A shadow imp (D:6)
  3 orcs
31 creatures vanquished.

Vanquished Creatures (others)
  2 wights (D:8)
2 creatures vanquished.

Grand Total: 597 creatures vanquished

Notes
Turn   | Place    | Note
-------+----------+-------------------------------------------
     0 | D:1      | Iniera the Demonspawn Brigand began the quest for the Orb.
     0 | D:1      | Reached XP level 1. HP: 16/16 MP: 1/1
   144 | D:1      | Gained mutation: You have a pair of small horns on your
                  | head. [demonic ancestry]
   144 | D:1      | Reached XP level 2. HP: 23/23 MP: 2/2
   190 | D:1      | Reached skill level 1 in Armour
   404 | D:1      | Reached XP level 3. HP: 24/28 MP: 3/3
  1292 | D:2      | Reached XP level 4. HP: 35/35 MP: 4/4
  1299 | D:2      | Identified the +1 scale mail of the Butcher {Int+6}
  2053 | D:3      | Reached skill level 1 in Axes
  2333 | D:4      | Gained mutation: A weak demonic guardian rushes to your
                  | aid. [demonic ancestry]
  2333 | D:4      | Reached XP level 5. HP: 15/42 MP: 5/5
  2702 | D:4      | Noticed an ogre
  2728 | D:4      | Killed an ogre
  2729 | D:4      | Gained mutation: You have a somewhat thin skeletal
                  | structure. (Dex +2, Stealth+) [demonic ancestry]
  2729 | D:4      | Reached XP level 6. HP: 26/48 MP: 6/6
  3397 | D:5      | Entered Level 5 of the Dungeon
  3720 | D:5      | Reached XP level 7. HP: 30/55 MP: 7/7
  4014 | D:5      | Reached skill level 5 in Fighting
  4100 | D:5      | Found a staircase to the Ecumenical Temple.
  4208 | Temple   | Entered the Ecumenical Temple
  4429 | Temple   | Became a worshipper of Uskayaw the Reveller
  4550 | D:6      | Noticed a steam dragon
  4557 | D:6      | Reached * piety under Uskayaw
  4563 | D:6      | Reached ** piety under Uskayaw
  4645 | D:6      | Found a bloodstained altar of Trog.
  4658 | D:6      | Reached *** piety under Uskayaw
  4660 | D:6      | Reached skill level 5 in Axes
  4661 | D:6      | Gained mutation: A demonic guardian rushes to your aid.
                  | [demonic ancestry]
  4661 | D:6      | Reached XP level 8. HP: 22/63 MP: 4/8
  4662 | D:6      | Reached **** piety under Uskayaw
  5134 | D:6      | Reached skill level 5 in Armour
  5473 | D:6      | Identified a scroll of acquirement
  5473 | D:6      | Acquired a +1 lajatang of speed
  5488 | D:7      | Noticed Dowan
  5501 | D:7      | Killed Dowan
  5502 | D:7      | Reached skill level 1 in Staves
  5513 | D:7      | Reached skill level 2 in Staves
  5513 | D:7      | HP: 2/65 [white imp/puff of frost (5)]
  5747 | D:7      | Noticed Duvessa
  5764 | D:7      | Killed Duvessa
  5764 | D:7      | Reached ***** piety under Uskayaw
  5765 | D:7      | Reached XP level 9. HP: 40/71 MP: 9/9
  5937 | D:7      | Reached skill level 3 in Staves
  6156 | D:7      | Noticed Joseph
  6171 | D:7      | Killed Joseph
  6172 | D:7      | Reached skill level 4 in Staves
  6176 | D:7      | Noticed Maggie
  6192 | D:7      | Killed Maggie
  6193 | D:7      | Reached skill level 5 in Staves
  6464 | D:7      | Acquired 599 gold pieces
  6780 | D:8      | Reached skill level 6 in Staves
  6984 | D:8      | Gained mutation: You have a pair of horns on your head.
                  | [demonic ancestry]
  6984 | D:8      | Reached XP level 10. HP: 66/81 MP: 10/10
  7001 | D:8      | Reached skill level 7 in Staves
  7015 | D:8      | Found a staircase to the Lair.
  7026 | D:8      | Reached skill level 1 in Invocations
  7394 | D:8      | Reached skill level 8 in Staves
  7396 | D:8      | Reached ****** piety under Uskayaw
  7525 | D:8      | You fall into a shaft and drop 3 floors!
  7598 | D:11     | Reached skill level 5 in Invocations
  7610 | D:10     | Entered Level 10 of the Dungeon
  8031 | D:9      | Reached skill level 1 in Evocations
  8379 | D:9      | Noticed a two-headed ogre
  8387 | D:9      | Killed a two-headed ogre
  8388 | D:9      | Reached skill level 9 in Staves
  8388 | D:9      | Gained mutation: You sometimes gain a little power by
                  | taking damage. [demonic ancestry]
  8388 | D:9      | Reached XP level 11. HP: 86/89 MP: 15/15
  9417 | D:10     | Found a shimmering altar of Xom.
  9612 | D:10     | Noticed a two-headed ogre
  9621 | D:10     | Killed a two-headed ogre
  9622 | D:10     | Reached skill level 1 in Dodging
  9762 | D:10     | Found a shadowy altar of Dithmenos.
  9858 | D:10     | Found Coybep's Armour Shoppe.
 10360 | D:10     | Found an opulent altar of Gozag.
 10935 | D:11     | Noticed a soul eater
 10944 | D:11     | Reached skill level 10 in Fighting
 10950 | D:11     | Reached skill level 10 in Staves
 11584 | Lair:1   | Entered Level 1 of the Lair of Beasts
 12169 | D:12     | Found a staircase to the Orcish Mines.
 12479 | D:12     | Noticed a two-headed ogre
 12487 | D:12     | Killed a two-headed ogre
 12488 | D:12     | Gained mutation: You have a pair of large horns on your
                  | head. [demonic ancestry]
 12488 | D:12     | Reached XP level 12. HP: 78/97 MP: 17/17
 12560 | D:12     | Noticed a boulder beetle
 12572 | D:12     | Killed a boulder beetle
 12760 | D:12     | Noticed a two-headed ogre
 12760 | D:12     | Noticed a six-headed hydra
 12772 | D:12     | Killed a two-headed ogre
 12919 | D:12     | Killed a seven-headed hydra
 13796 | Lair:1   | You fall into a shaft and drop 1 floor!
 13930 | Lair:2   | Reached skill level 11 in Staves
 14182 | Lair:1   | Noticed a boulder beetle
 14204 | Lair:1   | Killed a boulder beetle
 14205 | Lair:1   | Reached skill level 5 in Evocations
 14513 | Lair:1   | Noticed Nergalle
 14524 | Lair:1   | Killed Nergalle
 16308 | Lair:3   | Gained mutation: Your hexes are more powerful. [demonic
                  | ancestry]
 16308 | Lair:3   | Reached XP level 13. HP: 106/106 MP: 19/19
 16534 | Lair:3   | Found a staircase to the Swamp.
 16745 | Lair:3   | Reached skill level 5 in Dodging
 16837 | Lair:3   | Found a hole to the Spider Nest.
 17960 | Lair:4   | Reached skill level 12 in Staves
 18294 | Lair:4   | Reached skill level 10 in Invocations
 18922 | Lair:5   | Entered Level 5 of the Lair of Beasts
 19838 | Lair:5   | Found a viscous altar of Jiyva.
 19839 | Lair:5   | Found a staircase to the Slime Pits.
 20285 | Lair:5   | Gained mutation: You have a moderately thin skeletal
                  | structure. (Dex +4, Stealth++) [demonic ancestry]
 20285 | Lair:5   | Reached XP level 14. HP: 97/114 MP: 22/22
 20356 | Lair:5   | Reached skill level 13 in Staves
 20367 | Lair:5   | Identified the +1 ring mail of Sif Muna's Grace {rElec}
 20759 | Lair:5   | Identified the +6 long sword of Eternal War {heavy, Int+3}
 21344 | Orc:1    | Entered Level 1 of the Orcish Mines
 21581 | Orc:2    | Entered Level 2 of the Orcish Mines
 21581 | Orc:2    | Noticed Snorg
 21595 | Orc:2    | Killed Snorg
 21850 | Orc:2    | Found a staircase to the Elven Halls.
 22111 | Orc:2    | HP: 4/115 [orc priest/divine providence (7)]
 22112 | Orc:2    | HP: 1/115 [poisoned by an orc warrior]
 22112 | Orc:2    | Killed from afar by an orc priest

Illustrated notes

Levels and vault maps discovered:
D:1:      tarquinn_simple_flora_water_c, layout_loops_ring
D:2:      layout_basic, minmay_fractal_squares_5
D:3:      layout_loops_ring
D:4:      minmay_spotlight, layout_gridville, small_statue_intersection
D:5:      layout_rooms, temple_fountains, grunt_ministairs_5
D:6:      layout_cave_pools, trog_ov_bears_minmay, portal_sewer_entry_e
D:7:      layout_cave_pools, uniq_maggie, uniq_joseph, uniq_duvessa
D:8:      layout_loops_ring, minmay_lair_entry_grove, lemuel_flamethrower_2
D:9:      layout_stronghold, minivault_5, hangedman_tell_no_tales
D:10:     layout_grid_maze, marbit_many_paths,
          mainiacjoe_overflow_catwalk_spiral, serial_shops, shop,
          minmay_stone_trees_small, minivault_7
D:11:     layout_roguey
D:12:     layout_roguey, david_orc_3, hangedman_decor_diamond_cutter
Temple:   mainiacjoe_temple_bowtie_tessellation
Lair:1:   layout_chaotic_city, portal_ice_cave_entry_pillars_1, uniq_nergalle
Lair:2:   layout_concentric_octagons
Lair:3:   layout_small_grid, minmay_swamp_entry_eels,
          spider_nest_entry_web_field
Lair:4:   layout_roguey, grunt_forest_stairs_clearing, serial_bayou_shore_b,
          grunt_megastairs_2
Lair:5:   hangedman_lair_caniforms_friends, layout_regular_city, slime_entry_1,
          nicolae_lair_lindhole, infiniplex_staircase_pool
Orc:1:    layout_diamond_mine, uniq_josephine
Orc:2:    st_orc_congregation, layout_caves, uniq_snorg, uniq_erolcha

Skill      XL: |  1  2  3  4  5  6  7  8  9 10 11 12 13 14 |
---------------+-------------------------------------------+-----
Throwing       | 2 |  2.0
Armour         | 1 2 3 4 5 6 7 8 |  8.8
Fighting       | 3 4 5 6 8 9 10 11 12 | 12.2
Axes           | 1 2 3 5 6 |  6.3
Staves         | 2 6 9 10 11 12 13 | 13.4
Invocations    | 5 7 9 10 11 | 11.4
Evocations     | 1 4 5 6 |  6.0
Dodging        | 3 4 6 |  6.8
Short Blades   | |  1.7
Stealth        | |  3.6

Action                     |  1- 3 |  4- 6 |  7- 9 | 10-12 | 13-15 || total
---------------------------+-------+-------+-------+-------+-------++-------
  Melee: Dagger            |   115 |    20 |       |       |       ||   135
         Headbutt          |    12 |    41 |    69 |   128 |   144 ||   394
         Hand axe          |       |   192 |   139 |       |       ||   331
         Punch             |       |     1 |     1 |       |       ||     2
         Lajatang          |       |       |   171 |   621 |   581 ||  1373
         Morningstar       |       |       |       |       |     7 ||     7
  Throw: Dart              |    22 |     6 |       |     3 |     9 ||    40
 Invoke: Stomp             |       |       |     2 |       |     8 ||    10
         Line Pass         |       |       |     1 |     3 |     3 ||     7
         Grand Finale      |       |       |       |       |     1 ||     1
  Evoke: Wand              |       |       |       |    11 |       ||    11
    Use: Potion            |       |     2 |     1 |     1 |       ||     4
         Scroll            |       |       |    16 |     9 |     7 ||    32
   Stab: Sleeping          |     8 |     2 |     4 |     1 |       ||    15
         Paralysed         |       |       |    17 |    46 |    48 ||   111
 Armour: Robe              |    39 |       |       |       |       ||    39
         Scale mail        |       |    74 |   157 |    71 |       ||   302
         Plate armour      |       |       |       |   137 |   249 ||   386
  Dodge: Dodged            |    66 |   156 |   217 |   272 |   333 ||  1044
  Block: Other             |       |    40 |    75 |   107 |   133 ||   355
         Reflection        |       |       |     2 |     2 |     1 ||     5

Table legend: (Time is in decaauts)
 A = Elapsed time spent in this place.
 B = Non-inter-level travel time spent in this place.
 C = Inter-level travel time spent in this place.
 D = Time resting spent in this place.
 E = Time spent auto-exploring this place.
 F = Levels seen in this place.
 G = Mean time per level.
                   A        B        C        D        E       F      G
               +--------+--------+--------+--------+--------+-----+--------+
         Total |  21618 |  20472 |   1146 |   2067 |  15242 |  20 | 1080.9 |
       Dungeon |  13429 |  12562 |    867 |   1200 |   9172 |  12 | 1119.1 |
        Temple |    238 |    200 |     38 |      0 |    188 |   1 |  238.0 |
          Lair |   7228 |   7029 |    199 |    456 |   5706 |   5 | 1445.6 |
  Orcish Mines |    720 |    680 |     40 |    411 |    175 |   2 |  360.0 |
               +--------+--------+--------+--------+--------+-----+--------+

Top non-repeatable levels by time:
  Lair:5: 2079 daAuts
    D:10: 1733 daAuts
  Lair:3: 1648 daAuts
     D:8: 1327 daAuts
     D:9: 1314 daAuts
    D:11: 1301 daAuts
    D:12: 1251 daAuts
  Lair:1: 1201 daAuts
  Lair:4: 1199 daAuts
     D:6: 1153 daAuts
  Lair:2: 1101 daAuts
     D:7: 1008 daAuts
     D:4: 953 daAuts
     D:5: 923 daAuts
     D:3: 874 daAuts
